 Dungeon Crawl Stone Soup version 0.25.0-11-g1f837a76a1 (webtiles) character file.

Game seed: 1863967003293046013

131 protoss039 the Magician (level 4, 0/36 HPs)
             Began as a Deep Elf Earth Elementalist on June 28, 2020.
             Succumbed to Crazy Yiuf's poison
             ... on level 2 of the Dungeon.
             The game lasted 00:06:18 (2653 turns).

protoss039 the Magician (DEEE)                      Turns: 2653, Time: 00:06:19

Health: 0/36       AC: 22    Str:  5    XL:     4   Next: 91%
Magic:  13/13      EV:  2    Int: 21    God:
Gold:   92         SH:  0    Dex: 15    Spells: 7/13 levels left

rFire    . . .     SeeInvis .   o - +2 dagger (protect)
rCold    . . .     Gourm    .   (no shield)
rNeg     + + +     Faith    .   (armour currently unavailable)
rPois    +         Spirit   .   (helmet currently unavailable)
rElec    .         Reflect  .   (cloak currently unavailable)
rCorr    .         Harm     .   (gloves currently unavailable)
MR       .....     NoTele   +   (boots currently unavailable)
Stlth    ++........             p - amulet of magic regeneration
HPRegen  0.12/turn              (no ring)
MPRegen  0.38/turn              (no ring)

@: mighty, lethally poisoned (0 -> -2), tree-form, stab, very slightly
contaminated, hasted, invisible (expiring), very quick
A: no striking features
a: no special abilities


You were on level 2 of the Dungeon.
You were completely stuffed.
You were a tree.
You visited 1 branch of the dungeon, and saw 2 of its levels.

You collected 92 gold pieces.

Inventory:

Hand Weapons
 h - a +4 quarterstaff of chaos
 o - a +2 dagger of protection (weapon)
Missiles
 b - 43 stones (quivered)
Armour
 c - a +0 robe (melded)
 e - a +0 pair of boots (melded)
 g - a +0 cloak (melded)
 i - a +0 cloak
Jewellery
 p - an amulet of magic regeneration (around neck)
Comestibles
 d - 3 rations
 m - 2 chunks of flesh


   Skills:
 - Level 0.5 Short Blades
 - Level 2.4 Dodging
 - Level 2.4 Stealth
 * Level 5.3 Spellcasting
 + Level 1.1 Transmutations
 * Level 4.9 Earth Magic


You had 7 spell levels left.
You knew the following spells:

 Your Spells              Type           Power        Failure   Level  Hunger
a - Sandblast             Erth           ####..       1%          1    None
b - Passwall              Tmut/Erth      ###.....     4%          2    None
c - Stone Arrow           Conj/Erth      ###...       12%         3    ##.....

Your spell library contained the following spells:

 Spells                   Type           Power        Failure   Level  Hunger
 Petrify                  Tmut/Erth      ###.....     30%         4    ####...
 Lee's Rapid Deconstruct  Erth           ####......   36%         5    #####..


Dungeon Overview and Level Annotations

Branches:
Dungeon (2/15)

Altars:
Gozag
Zin


Message History

You flicker for a moment.
Unknown command.
As you read the scroll labeled YJUKUSTEWOCW, it crumbles to dust.
It is a scroll of identify.
t - a scroll of noise Unknown command.
As you read the scroll labeled ALAETA BUECH, it crumbles to dust.
The scroll dissolves into smoke.
It was a scroll of fog.
Unknown command.
Really read the scroll of noise?
As you read the scroll of noise, it crumbles to dust.
You hear a loud clanging noise!
* * * LOW HITPOINT WARNING * * *
You feel sick.
Unknown command.
You aren't carrying any potions.
You aren't carrying any scrolls.
There is a lethal amount of poison in your body!
Unknown command.
You die...

...........#
#....#
#...........
........#..#
♣....♣
#...........
........#..#
♣♣...♣
#...........
#...#...#..#
♣♣.♣♣
#...........
#...#...#..#
♣♣.♣
#..#######..
#...#...#..#
♣.♣♣ ####
#..
#...########
♣♣§♣ #..
#...# ♣§♣♣
#.. #...#
#♣# #..
##### #§§§#
#.. #§§§#
### #)..#
#####


There were no monsters in sight!

Vanquished Creatures
  Crazy Yiuf (D:2)
  Terence (D:2)
  Robin (D:2)
  3 worms (D:2)
  A dart slug (D:1)
  A leopard gecko (D:1)
  3 ball pythons (D:1)
  2 giant cockroaches (D:1)
  15 goblins
  6 hobgoblins
  5 jackals
  A quokka (D:2)
  3 bats
  2 frilled lizards (D:2)
  2 kobolds (D:1)
  4 rats (D:1)
51 creatures vanquished.

Notes
Turn   | Place    | Note
-------+----------+-------------------------------------------
     0 | D:1      | protoss039 the Deep Elf Earth Elementalist began the quest
                  | for the Orb.
     0 | D:1      | Reached XP level 1. HP: 10/10 MP: 6/6
   167 | D:1      | You fall into a shaft and drop 1 floor!
   360 | D:1      | Reached XP level 2. HP: 14/15 MP: 8/8
  1371 | D:2      | Reached XP level 3. HP: 19/19 MP: 7/10
  1508 | D:2      | Noticed Robin
  1539 | D:2      | Reached skill level 4 in Spellcasting
  1551 | D:2      | Killed Robin
  2118 | D:2      | Reached XP level 4. HP: 24/24 MP: 9/12
  2188 | D:2      | Found an opulent altar of Gozag.
  2207 | D:2      | Noticed Terence
  2242 | D:2      | Killed Terence
  2415 | D:2      | Found a glowing silver altar of Zin.
  2496 | D:2      | Found a runed translucent door.
  2497 | D:2      | Noticed Crazy Yiuf
  2577 | D:2      | Learned a level 2 spell: Passwall
  2581 | D:2      | Learned a level 3 spell: Stone Arrow
  2627 | D:2      | Killed Crazy Yiuf
  2627 | D:2      | Reached skill level 5 in Spellcasting
  2648 | D:2      | HP: 1/36 [poisoned by Crazy Yiuf]
  2653 | D:2      | Succumbed to Crazy Yiuf's poison

Illustrated notes

Levels and vault maps discovered:
D:1:      arrival_zaba_pyramid, layout_loops_corners
D:2:      layout_basic, grunt_gozag_statues, zin_treasury, grunt_decor_fettered,
          uniq_terence, uniq_robin, uniq_crazy_yiuf_cottage

Skill      XL: |  1  2  3  4 |
---------------+-------------+-----
Earth Magic    | 4 |  4.9
Spellcasting   | 4 5 |  5.3
Short Blades   | |  0.5
Dodging        | |  2.4
Stealth        | |  2.4
Transmutations | |  1.1

Action                   |  1- 3 |  4- 6 || total
-------------------------+-------+-------++-------
Melee: Dagger            |    57 |       ||    57
 Cast: Sandblast         |    44 |    17 ||    61
       Stone Arrow       |       |     3 ||     3
  Use: Scroll            |       |     7 ||     7
       Potion            |       |     7 ||     7
 Stab: Sleeping          |     2 |       ||     2
       Distracted        |     1 |       ||     1
  Eat: Chunk             |     4 |     1 ||     5
       Ration            |       |     3 ||     3
Armor: Robe              |    14 |     2 ||    16
Dodge: Dodged            |    36 |     2 ||    38
